 Dungeon Crawl Stone Soup version 0.24.1-14-gf8d2b509d9 (webtiles) character file.

Game seed: 3853588545941285586, levelgen mode: deterministic

13493 Kythorn the Spear-Bearer (level 11, 0/79 HPs)
             Began as a Demonspawn Arcane Marksman on May 21, 2020.
             Was an Elder of Vehumet.
             Succumbed to a wolf spider's poison
             ... on level 1 of the Spider Nest on May 23, 2020.
             The game lasted 03:11:44 (9529 turns).

Kythorn the Spear-Bearer (DsAM)                     Turns: 9529, Time: 03:11:45

Health: 0/79       AC: 16    Str: 12    XL:     11   Next: 76%
Magic:  1/32       EV: 19    Int: 14    God:    Vehumet [****..]
Gold:   583        SH:  5    Dex: 16    Spells: 1/26 levels left

rFire    . . .     SeeInvis .   b - +8 demon trident "Rift" {distort, reach+}
rCold    . . .     Gourm    .   c - +0 buckler
rNeg     . . .     Faith    .   i - +2 robe {MR+}
rPois    .         Spirit   +   j - +0 helmet
rElec    +         Reflect  .   B - +0 cloak
rCorr    +         Harm     .   m - +0 pair of gloves (curse)
MR       +....                  (no boots)
Stlth    +++.......             P - amulet of the Air {Inacc +Fly rElec EV+5 RMsl}
HPRegen  0.23/turn              k - ring of resist corrosion
MPRegen  0.23/turn              w - ring of magical power

@: lethally poisoned (0 -> -5), sanguine armour, repel missiles
A: talons 2, powered by pain 1, magic shield, sanguine armour 2
a: Renounce Religion, Evoke Flight


You were on level 1 of the Spider Nest.
You worshipped Vehumet.
Vehumet was greatly pleased with you.
You were very hungry.

You visited 3 branches of the dungeon, and saw 12 of its levels.

You collected 583 gold pieces.

Inventory:

Hand Weapons
 a - a +0 hand crossbow
 b - the +8 demon trident "Rift" (weapon) {distort, reach+}
   (You found it on level 4 of the Dungeon)

   It warps and distorts space around it.
   Unwielding it can cause banishment or high damage.
 p - a +0 hunting sling of freezing
 y - a +0 shortbow of freezing
Missiles
 d - 53 bolts
 h - 368 stones
 t - 224 arrows
 u - 14 boomerangs
 C - 6 boomerangs of dispersal
 H - 62 sling bullets
 L - 8 poisoned darts (quivered)
Armour
 c - a +0 buckler (worn)
 g - a +0 chain mail of fire resistance
 i - a +2 robe of magic resistance (worn)
 j - a +0 helmet (worn)
 m - a cursed +0 pair of gloves (worn)
 B - a +0 cloak (worn)
Jewellery
 k - a ring of resist corrosion (left hand)
 w - a ring of magical power (right hand)
 I - a +3 ring of strength
 P - the amulet of the Air (around neck) {Inacc +Fly rElec EV+5 RMsl}
   (You found it on level 2 of the Lair of Beasts)

   [amulet of inaccuracy]

   It reduces the accuracy of all your attacks.
   It affects your evasion (+5).
   It insulates you from electricity.
   It lets you fly.
   It protects you from missiles.
Wands
 D - a wand of iceblast (7)
 G - a wand of acid (3)
 Q - a wand of polymorph (11)
Scrolls
 e - 2 scrolls of teleportation
 o - a scroll of magic mapping
 q - 7 scrolls of remove curse
 s - a scroll of immolation
 A - a scroll of enchant armour
 O - a scroll of acquirement {unknown}
Potions
 l - a potion of flight {unknown}
 r - a potion of resistance {unknown}
 v - a potion of haste {unknown}
 x - a potion of magic {unknown}
 z - a potion of brilliance {unknown}
 F - a potion of ambrosia {unknown}
 M - a potion of agility {unknown}
Miscellaneous
 E - a lightning rod (1/4)
 K - a phial of floods (inert)
Comestibles
 f - 28 rations


   Skills:
 + Level 5.1 Fighting
   Level 1.9 Short Blades
   Level 2.5 Maces & Flails
 + Level 8.8 Polearms
 + Level 2.0 Crossbows
 + Level 4.8 Throwing
 + Level 2.1 Armour
 + Level 4.6 Dodging
 + Level 4.5 Stealth
 + Level 2.5 Shields
 + Level 8.1 Spellcasting
 + Level 3.0 Conjurations
 + Level 7.7 Hexes
 + Level 0.6 Translocations
 + Level 0.2 Fire Magic
 + Level 0.4 Evocations


You had one spell level left.
You knew the following spells:

 Your Spells              Type           Power        Failure   Level  Hunger
a - Cause Fear            Hex            ####......   6%          4    ####...
b - Dazzling Spray        Conj/Hex       ###...       1%          3    ##.....
c - Inner Flame           Hex/Fire       ###.....     2%          3    ##.....
d - Portal Projectile     Hex/Tloc       ###...       9%          3    ##.....
e - Corona                Hex            ####...      1%          1    None
f - Magic Dart            Conj           ##..         1%          1    None
g - Slow                  Hex            ####....     1%          2    None
h - Olgreb's Toxic Radia  Pois           #.......     36%         4    ####...
i - Leda's Liquefaction   Hex/Erth       ###.......   30%         4    ####...

Your spell library contained the following spells:

 Spells                   Type           Power        Failure   Level  Hunger
 Throw Icicle             Conj/Ice       #.......     21%         4    ####...


Dungeon Overview and Level Annotations

Branches:
Dungeon (8/15)             Temple (0/1) D:6            Lair (3/6) D:8
  Swamp (0/4) Lair:3       Spider (1/4) Lair:3

Altars:
Elyvilon
Fedhas
Qazlal
Ru
Sif Muna
Vehumet
Xom
Zin
The Shining One

Annotations:
Lair:3 harkrass's ghost, journeyman MiFi


Innate Abilities, Weirdness & Mutations

You have razor-sharp toenails.
You sometimes gain a little power by taking damage.
When hurt, damage is shared between your health and your magic reserves.
When seriously injured, your bleeding wounds create thick armour. (AC +9)


Message History

You block the demonic crawler's attack.
The demonic crawler hits you but does no damage.
Cornered, the tarantella turns to fight!
As you read the scroll of teleportation, it crumbles to dust.
You feel strangely unstable.
You feel sick. The demonic crawler hits you!
* * * LOW HITPOINT WARNING * * *
The demonic crawler barely misses you.
The demonic crawler hits you but does no damage.
The demonic crawler misses you. The demonic crawler hits you.
* * * LOW HITPOINT WARNING * * *
The demonic crawler hits you but does no damage.
* * * LOW HITPOINT WARNING * * *
You feel sick.
* * * LOW HITPOINT WARNING * * *
You feel sick. The tarantella closely misses you.
You enter the shallow water.
Moving in this stuff is going to be slow.
Your surroundings suddenly seem different.
You are feeling very hungry.
You die...

,,,,,,*,,,,,*,,,,,,,,,,*,,,,,,,**
,,,,,,,,,,,≈*,,,,,,,,*##,,,,,,,,*
**≈,,,,,,,**,,,,,,,,##..,,,,,,,,,
,,**,,,,,,*,,,######≈..,,,,,,,,,*
,,,,,,,,,,,,,##.....≈.,,,*****≈**
,,,,,,,,,.,,##^.....#,,**≈,,,≈,,,
****,,,,,...#......≈#,,.,,,,≈*,,*
,,,,,,,,,..........#..s.,,,**,,,*
*,,,,,,,,.......@.......,,*≈,,,,*
,,,,**,,,..#....#.......,,*,,,,,,
,,,**,,,,,,#....*#..#≈#.,,,,,,,,,
,,,*,,,,,..≈....,*...#,,,,,,,,,,,
,,,≈,**,,..##...,*,..#,,,,,,,,,,,
,,**≈*,,,.,,#...,*,..≈.*,,,***,,,
,*≈,,,,,,,,,###.,*,,>##≈,,,,,****
##..,,,,,,,,,,≈#**,,..,*,,,,**,,*
...,,,,*,,*,,**,,*,,,,,*,,,,,,,,*


You could see an orb spider (sleeping).

Vanquished Creatures
  Pikel (D:7)
  An orb spider (Lair:3)
  2 komodo dragons
  4 spiny frogs
  9 blink frogs (Lair:3)
  2 hippogriffs (Lair:2)
  4 hogs (D:7)
  11 yaks (Lair:2)
  A human (D:7)
  2 basilisks
  Menkaure (D:4)
  4 insubstantial wisps (Lair:3)
  10 water moccasins
  Duvessa (D:7)
  An orc warrior (D:6)
  4 porcupines
  An ice beast (D:5)
  4 slaves (D:7)
  2 black bears
  A phantom (D:7)
  A sky beast (D:5)
  A centaur (D:7)
  4 ogres
  4 wolves (Lair:2)
  7 crocodiles
  A big kobold (D:7)
  9 bullfrogs
  3 scorpions
  Dowan (D:7)
  2 howler monkeys
  An electric eel (Lair:1)
  A crimson imp (D:7)
  A bullfrog zombie (D:5)
  8 orc priests
  2 hounds
  7 orc wizards
  3 iguanas
  Natasha (thrice) (D:2)
  7 worker ants
  A killer bee zombie (D:6)
  A howler monkey zombie (D:8)
  2 worker ant zombies
  4 gnolls (D:3)
  2 howler monkey skeletons
  17 adders
  A shadow imp (D:7)
  2 oozes (D:2)
  3 adder skeletons
  4 worms
  2 dart slugs
  7 leopard geckos
  26 orcs
  7 giant cockroaches
  7 hobgoblins
  6 jackals
  8 quokkas
  3 ball pythons
  A ball python zombie (D:5)
  7 bats
  3 frilled lizards
  5 goblins
  9 kobolds
  A leopard gecko zombie (D:5)
  2 quokka skeletons (D:6)
  7 rats
270 creatures vanquished.

Vanquished Creatures (others)
  A yak (Lair:2)
  A redback (Spider:1)
  A basilisk (Lair:3)
  An insubstantial wisp (Lair:3)
  A worker ant zombie (D:5)
  An orc (D:7)
  2 fungi (Lair:3)
  4 plants (Lair:3)
12 creatures vanquished.

Grand Total: 282 creatures vanquished

Notes
Turn   | Place    | Note
-------+----------+-------------------------------------------
     0 | D:1      | Kythorn the Demonspawn Arcane Marksman began the quest for
                  | the Orb.
     0 | D:1      | Reached XP level 1. HP: 15/15 MP: 2/2
   253 | D:1      | Gained mutation: When seriously injured, your bleeding
                  | wounds create armour. (AC +9) [demonic ancestry]
   253 | D:1      | Reached XP level 2. HP: 19/21 MP: 3/3
  1091 | D:2      | Gained mutation: When hurt, damage is shared between your
                  | health and your magic reserves. [demonic ancestry]
  1091 | D:2      | Reached XP level 3. HP: 17/26 MP: 2/4
  1181 | D:2      | Reached skill level 1 in Short Blades
  1386 | D:2      | Reached skill level 1 in Armour
  1465 | D:2      | Reached XP level 4. HP: 18/32 MP: 4/6
  1541 | D:2      | Learned a level 4 spell: Cause Fear
  1551 | D:2      | Noticed Natasha
  1569 | D:2      | Killed Natasha
  1849 | D:2      | Noticed Natasha
  1867 | D:2      | Killed Natasha
  1875 | D:2      | Noticed Natasha
  1887 | D:2      | HP: 1/32 [Natasha (9)]
  1895 | D:2      | Killed Natasha
  1895 | D:2      | Gained mutation: You have sharp toenails. [demonic
                  | ancestry]
  1895 | D:2      | Reached XP level 5. HP: 4/37 MP: 2/7
  2308 | D:3      | Reached skill level 1 in Throwing
  2317 | D:3      | Reached skill level 1 in Stealth
  2634 | D:3      | Reached XP level 6. HP: 29/43 MP: 8/8
  2639 | D:3      | Learned a level 3 spell: Inner Flame
  2719 | D:4      | Found the +8 demon trident "Rift" {distort, reach+}
  3090 | D:4      | Reached skill level 1 in Maces & Flails
  3090 | D:4      | Gained mutation: When seriously injured, your bleeding
                  | wounds create thick armour. (AC +9) [demonic ancestry]
  3090 | D:4      | Reached XP level 7. HP: 19/49 MP: 10/10
  3363 | D:3      | Found a radiant altar of Vehumet.
  3368 | D:3      | Became a worshipper of Vehumet
  3594 | D:4      | Found a stormy altar of Qazlal.
  3595 | D:4      | Noticed an air elemental
  3596 | D:4      | Noticed a water elemental
  3596 | D:4      | Noticed a fire elemental
  3596 | D:4      | Noticed Menkaure
  3606 | D:4      | Killed Menkaure
  3606 | D:4      | Reached skill level 1 in Shields
  3662 | D:4      | Found a white marble altar of Elyvilon.
  3668 | D:4      | Found a sacrificial altar of Ru.
  3671 | D:4      | Found a glowing silver altar of Zin.
  3715 | D:5      | Entered Level 5 of the Dungeon
  3744 | D:5      | Learned a level 4 spell: Leda's Liquefaction
  3760 | D:5      | Reached skill level 5 in Hexes
  3854 | D:5      | Gained mutation: You have razor-sharp toenails. [demonic
                  | ancestry]
  3854 | D:5      | Reached XP level 8. HP: 40/56 MP: 13/13
  4054 | D:5      | Found a blossoming altar of Fedhas.
  4058 | D:5      | Reached skill level 1 in Polearms
  4135 | D:5      | Reached * piety under Vehumet
  4135 | D:5      | Offered knowledge of Magic Dart by Vehumet.
  4138 | D:5      | Learned a level 1 spell: Magic Dart
  4354 | D:6      | Found a shimmering blue altar of Sif Muna.
  4359 | D:6      | Found a shimmering altar of Xom.
  4365 | D:6      | Found a glowing golden altar of the Shining One.
  4541 | D:6      | Found a staircase to the Ecumenical Temple.
  4705 | D:6      | Reached XP level 9. HP: 53/62 MP: 15/15
  4724 | D:6      | Learned a level 3 spell: Portal Projectile
  5194 | D:7      | Noticed Pikel
  5259 | D:7      | Reached ** piety under Vehumet
  5349 | D:7      | Offered knowledge of Throw Frost by Vehumet.
  5412 | D:7      | Reached skill level 5 in Polearms
  5696 | D:7      | Noticed Duvessa
  5696 | D:7      | Noticed Dowan
  5700 | D:7      | Killed Dowan
  5790 | D:7      | Killed Pikel
  5790 | D:7      | Reached skill level 5 in Spellcasting
  5795 | D:7      | Reached XP level 10. HP: 57/71 MP: 17/17
  5799 | D:7      | Learned a level 2 spell: Slow
  5931 | D:7      | Killed Duvessa
  6018 | D:7      | Offered knowledge of Dazzling Spray by Vehumet.
  6024 | D:7      | Learned a level 3 spell: Dazzling Spray
  6199 | D:8      | Found a staircase to the Lair.
  6720 | Lair:1   | Entered Level 1 of the Lair of Beasts
  7108 | Lair:1   | Noticed a spiny frog
  7134 | Lair:1   | Reached *** piety under Vehumet
  7308 | Lair:1   | Killed a spiny frog
  7686 | Lair:2   | Learned a level 2 spell: Slow
  7689 | Lair:2   | Found the amulet of the Air {Inacc +Fly rElec EV+5 RMsl}
  7689 | Lair:2   | Noticed a spiny frog
  7696 | Lair:2   | Killed a spiny frog
  7807 | Lair:2   | Offered knowledge of Olgreb's Toxic Radiance by Vehumet.
  7815 | Lair:2   | Learned a level 4 spell: Olgreb's Toxic Radiance
  7874 | Lair:2   | Noticed a spiny frog
  8128 | Lair:2   | Reached skill level 1 in Conjurations
  8296 | Lair:2   | Gained mutation: You sometimes gain a little power by
                  | taking damage. [demonic ancestry]
  8296 | Lair:2   | Reached XP level 11. HP: 28/77 MP: 7/21
  8337 | Lair:2   | Learned a level 3 spell: Portal Projectile
  8730 | Lair:3   | Reached **** piety under Vehumet
  8857 | Lair:3   | Found a hole to the Spider Nest.
  8857 | Lair:3   | Noticed an orb spider
  8868 | Lair:3   | Killed an orb spider
  8990 | Lair:3   | Learned a level 2 spell: Slow
  9005 | Lair:3   | Offered knowledge of Throw Icicle by Vehumet.
  9015 | Lair:3   | Reached skill level 5 in Fighting
  9045 | Lair:3   | Found a staircase to the Swamp.
  9360 | Lair:3   | Found a runed translucent door.
  9360 | Lair:3   | Noticed harkrass's ghost (journeyman MiFi)
  9504 | Spider:1 | Entered Level 1 of the Spider Nest
  9516 | Spider:1 | Noticed a wolf spider
  9518 | Spider:1 | Noticed an orb spider
  9526 | Spider:1 | HP: 2/79 [demonic crawler (4)]
  9529 | Spider:1 | Succumbed to a wolf spider's poison

Levels and vault maps discovered:
D:1:      minmay_arrival_loop, layout_rooms, chequers_serial_rivers_small_3,
          hangedman_decor_growths, minmay_split_cup_small
D:2:      layout_loops_cross, kennysheep_nondescript, uniq_natasha
D:3:      lemuel_upstairs_altar, layout_rooms, minmay_misc_feat_more_columns,
          dk_noncrumbling_3
D:4:      layout_loops_ring, grunt_temple_overflow_diamond,
          nicolae_qazlal_style_of_elements, first_ration, st_stairs_13,
          minmay_checkerbox, uniq_menkaure
D:5:      cheibrodos_fzero, layout_basic, fedhas_altar_4,
          kennysheep_generic_room_12
D:6:      layout_basic, minmay_overflow_temple_star_quad,
          minmay_temple_entry_wispy
D:7:      layout_basic, grunt_livestock, uniq_pikel, uniq_duvessa
D:8:      layout_basic, lair_entry_dummy
Lair:1:   layout_layer_cave, serial_bayou_pond_b, grunt_megastairs_1
Lair:2:   layout_regular_city, grunt_megastairs_5
Lair:3:   minmay_lair_oklob_tunnel, layout_cave_shapes,
          minmay_swamp_entry_wisps, nicolae_spider_entry_orb_guardian,
          ebering_ghost_reflecting_pool
Spider:1: layout_spider_delve

Skill      XL: |  1  2  3  4  5  6  7  8  9 10 11 |
---------------+----------------------------------+-----
Dodging        | 2 3 4 |  4.6
Crossbows      | 2 |  2.0
Short Blades   | 1 |  1.9
Armour         | 1 2 |  2.1
Throwing       | 1 2 3 4 |  4.8
Stealth        | 1 2 3 4 |  4.5
Spellcasting   | 2 3 4 5 7 8 |  8.1
Hexes          | 4 5 6 7 |  7.7
Maces & Flails | 1 2 |  2.5
Fighting       | 2 3 4 5 |  5.1
Shields        | 1 2 |  2.5
Polearms       | 3 6 8 |  8.8
Conjurations   | 1 3 |  3.0
Translocations | |  0.6
Fire Magic     | |  0.2
Evocations     | |  0.4

Action                   |  1- 3 |  4- 6 |  7- 9 | 10-12 || total
-------------------------+-------+-------+-------+-------++-------
Melee: Short sword       |   123 |   124 |       |       ||   247
       Kick              |       |    30 |    32 |    56 ||   118
       Flail             |       |    34 |    50 |       ||    84
       Demon trident     |       |       |   202 |   297 ||   499
 Fire: Hand crossbow     |    22 |       |       |       ||    22
Throw: Dart              |    40 |    26 |    54 |    34 ||   154
       Boomerang         |       |    53 |     8 |    31 ||    92
       Stone             |       |     1 |       |       ||     1
 Cast: Corona            |     5 |    45 |    58 |    34 ||   142
       Dazzling Spray    |       |       |       |    80 ||    80
       Magic Dart        |       |       |       |    17 ||    17
       Slow              |       |       |       |    14 ||    14
       Inner Flame       |       |       |       |     3 ||     3
       Portal Projectile |       |       |       |     8 ||     8
       Cause Fear        |       |       |       |    14 ||    14
 Abil: Evoke Flight      |       |       |       |     1 ||     1
Evoke: Wand              |       |       |       |     4 ||     4
       Lightning rod     |       |       |       |     3 ||     3
       Phial of floods   |       |       |       |     1 ||     1
  Use: Scroll            |     1 |     7 |     5 |    12 ||    25
       Potion            |       |     2 |       |     6 ||     8
 Stab: Invisible         |     2 |     3 |       |     5 ||    10
       Sleeping          |       |     3 |    10 |    11 ||    24
       Distracted        |       |     1 |     1 |     3 ||     5
  Eat: Chunk             |     2 |     7 |     9 |    19 ||    37
Armor: Leather armour    |    17 |       |       |       ||    17
       Ring mail         |    53 |    13 |       |       ||    66
       Skin              |       |     7 |       |       ||     7
       Robe              |       |    19 |    15 |    42 ||    76
Dodge: Dodged            |   105 |    71 |    91 |   201 ||   468
Block: Buckler           |    14 |    27 |    35 |    41 ||   117
